Cogmind - Beta 16 --- EXPLORER MODE // 2026.01.02 @ 15:47:33 Player: Max Result: Destroyed by Y-45 Defender with Beam Rifle Performance ------------- Evolutions (2) 1000 Regions Visited (3) 600 Robots Destroyed (8) 40 Value Destroyed (312) 312 Prototype IDs (2) 40 Alien Tech Used (0) 0 Bonus (0) 0 TOTAL SCORE: 1992 Bonus ------- None Cogmind --------- Core Integrity 0/550 Matter 300/300 Energy 99/100 System Corruption 0% Temperature Cool (9) Movement Core (200) Ox3 Location -8/Materials Parts ------- > --- POWER (2) -------- (None) > --- PROPULSION (3) --- (None) > --- UTILITY (5) ------ Medium Storage Unit Advanced Visual Processing Unit Improved Terrain Scan Processor Utility Shielding > --- WEAPON (2) ------- (None) > --- INVENTORY (10) --- Targeting Computer Peak State ------------ > --- POWER ------------ Ion Engine Light Nuclear Core > --- PROPULSION ------- Improved Hover Unit Aerolev Unit Cesium-ion Thruster > --- UTILITY ---------- Medium Storage Unit Advanced Visual Processing Unit Targeting Computer Core Shielding Utility Shielding > --- WEAPON ----------- Light Assault Rifle Heavy Assault Rifle > --- INVENTORY -------- Ion Engine Aluminum Leg Aluminum Leg Improved Terrain Scanner Improved Terrain Scan Processor Targeting Computer Small Laser Advanced Beam Rifle Heavy Particle Cannon [Rating: 24] Favorites ----------- Power Light Ion Engine Engine Light Ion Engine Power Core Light Nuclear Core Propulsion Light Treads Treads Light Treads Leg Aluminum Leg Hover Unit Aerolev Unit Flight Unit Cesium-ion Thruster Utility Medium Storage Unit Device Improved Terrain Scanner Storage Medium Storage Unit Processor Targeting Computer Protection Utility Shielding Weapon Light Assault Rifle Energy Gun Small Laser Energy Cannon Heavy Particle Cannon Ballistic Gun Light Assault Rifle Build | -11 -10 -10 -8 ------- Run | Yrd Mat Sub Mat Slots Evolved 5 | . 1 . 4 Power 1 | . . . 1 Propulsion 1 | . . . 1 Utility 3 | . 1 . 2 Weapon . | . . . . Parts Attached 25 | 7 1 . 17 Power 5 | 1 . . 4 Engine 4 | 1 . . 3 Core 1 | . . . 1 Reactor . | . . . . Propulsion 8 | 2 . . 6 Treads 3 | 2 . . 1 Leg 2 | . . . 2 Wheel . | . . . . Hover 2 | . . . 2 Flight 1 | . . . 1 Utility 7 | 2 1 . 4 Device 1 | . . . 1 Storage 1 | 1 . . . Processor 3 | 1 . . 2 Hackware . | . . . . Protection 2 | . 1 . 1 Artifact . | . . . . Weapon 5 | 2 . . 3 Energy Gun 1 | . . . 1 Energy Cannon 1 | . . . 1 Ballistic Gun 3 | 2 . . 1 Ballistic Cannon . | . . . . Launcher . | . . . . Special Weapon . | . . . . Impact Weapon . | . . . . Slashing Weapon . | . . . . Piercing Weapon . | . . . . Special Melee Weapon . | . . . . Unidentified Prototypes 1 | . . . 1 Parts Lost 13 | . . . 13 Power 3 | . . . 3 Propulsion 4 | . . . 4 Utility 2 | . . . 2 Weapon 4 | . . . 4 Highest Loss Streak 7 | . . . 7 To Critical Strikes 1 | . . . 1 Average Backups 5 | 4 6 7 5 Power 1 | . 1 2 . Propulsion 1 | 1 2 2 1 Utility 2 | 1 2 2 2 Weapon 1 | . 1 1 1 Tool/Special . | . . . . Unused Backups 2 | . . . 2 Power . | . . . . Propulsion . | . . . . Utility 1 | . . . 1 Weapon 1 | . . . 1 Tool/Special . | . . . . Average Slot Usage (%) 89 | . 100 100 82 Engine 10 | . 12 12 8 Core 1 | . . . 2 Treads 13 | . 25 25 4 Leg 3 | . . . 5 Hover 2 | . . . 4 Device 1 | . . . 2 Storage 9 | . 12 12 8 Processor 14 | . 12 12 15 Protection 12 | . 12 12 12 Energy Gun 1 | . . . 2 Energy Cannon 1 | . . . 2 Ballistic Gun 15 | . 25 25 8 Peak Build Rating 24 | 7 8 8 24 Average Rating 12 | 4 8 8 16 On Entrance 5 | . 7 8 8 Avg Prop Armor Cover (%) 15 | . 12 . 16 Naked Turns . | . . . . Heaviest Build 28 | 15 16 16 28 Greatest Support 40 | 40 40 40 40 Greatest Overweight (x) 7 | 3 . . 7 Average Overweight (x) . | . . . . Largest Inventory Capacity 10 | 10 10 10 10 Average Capacity 9 | 9 10 10 10 Most Carried 10 | 7 7 7 10 Average Carried 5 | 5 6 7 5 Final Capacity 10 | 10 10 10 10 Final Carried 7 | 7 7 7 1 Class Distribution -------------------- 81% | Hacker-Mutant 18% | Hacker-Skirmisher Dominant Class ---------------- Hacker-Mutant | -10/Materials Hacker-Mutant | -10/Subcaves Hacker-Mutant | -8/Materials Resources | -11 -10 -10 -8 ----------- Run | Yrd Mat Sub Mat Matter Collected 551 | 113 153 27 258 Remotely . | . . . . Salvage Created 358 | . 30 . 328 Parts 23 | . . . 23 Haulers Intercepted . | . . . . Recyclers Shooed . | . . . . Parts Field Recycled . | . . . . Retrieved Matter . | . . . . Parts Self-Destructed . | . . . . Prevented . | . . . . Parts Restored . | . . . . Kills | -11 -10 -10 -8 ------- Run | Yrd Mat Sub Mat Combat Hostiles Destroyed 7 | . . . 7 Guns 7 | . . . 7 Classes Destroyed 5 | . 1 . 4 Watcher 1 | . 1 . . Swarmer 1 | . . . 1 Grunt 3 | . . . 3 Sentry 2 | . . . 2 Hunter 1 | . . . 1 Best Kill Streak 1 | . 1 . 1 Combat Bots Only 1 | . . . 1 Max Kills in Single Turn 1 | . 1 . 1 Gunslinging . | . . . . Exploded . | . . . . Melee . | . . . . Uniques/NPCs Destroyed . | . . . . Combat | -11 -10 -10 -8 -------- Run | Yrd Mat Sub Mat Hostile Shots Fired 398 | . . . 398 Missed 78 | . . . 78 Hits 320 | . . . 320 Projectile 320 | . . . 320 Critical Strikes 10 | . . . 10 Actively Blocked 3 | . . . 3 Part Disruptions 1 | . 1 . . Damage Taken 1757 | . 54 . 1703 Core 555 | . . . 555 Absorbed by Shields . | . . . . Redirected to Shielding 94 | . 6 . 88 Ignored by Resistances 1216 | . 32 . 1184 Core Remaining (%) 100 | 100 . 100 . Volleys Fired 48 | . 1 17 30 Largest 2 | . 2 2 2 Hottest 115 | . 40 40 115 Shots Fired 96 | . 2 34 60 Gun 94 | . 2 34 58 Cannon 2 | . . . 2 Launcher . | . . . . Special . | . . . . Kinetic 92 | . 2 34 56 Thermal 4 | . . . 4 Explosive . | . . . . Electromagnetic . | . . . . Robot Hit Streak 33 | . 1 . 33 Robot Miss Streak 1 | . . . 1 Penetration Max . | . . . . Secondary Targets 2 | . . . 2 Max Gunslinging Chain 1 | . . . 1 Shots Hit Robots 56 | . 1 . 55 Core Hits 21 | . 1 . 20 Critical Kills . | . . . . Critical Parts Destroyed . | . . . . Critical Strikes . | . . . . Melee Attacks . | . . . . Impact . | . . . . Slashing . | . . . . Piercing . | . . . . Sneak Attacks . | . . . . Combat Hostiles . | . . . . Follow-up Attacks . | . . . . Damage Inflicted 553 | . 9 . 544 Guns 521 | . 9 . 512 Cannons 25 | . . . 25 Explosions . | . . . . Melee . | . . . . Ramming 7 | . . . 7 Kinetic 501 | . 9 . 492 Thermal 45 | . . . 45 Explosive . | . . . . Electromagnetic . | . . . . Impact . | . . . . Slashing . | . . . . Piercing . | . . . . Highest Corruption . | . . . . Average Corruption . | . . . . Corruption Purged . | . . . . Corruption Blocked . | . . . . Overload Shots . | . . . . Overflow Damage 5 | . . . 5 Projectiles 5 | . . . 5 Explosions . | . . . . Melee . | . . . . Knockbacks . | . . . . Impact . | . . . . Kinetic . | . . . . Secondary . | . . . . Self-Inflicted Damage . | . . . . Shots . | . . . . Rammed . | . . . . Targets Rammed 1 | . . . 1 Kicked 1 | . . . 1 Crushed . | . . . . Highest Temperature 87 | . . . 87 Average Temperature 27 | . . . 27 Received Heat Transfer 279 | . . . 279 Siege Activations . | . . . . Martial Activations . | . . . . Shielding Activations . | . . . . Robots Disrupted . | . . . . Combat Hostiles . | . . . . Robots Corrupted . | . . . . Combat Hostiles . | . . . . Parts Fried . | . . . . Impact Corruptions . | . . . . Robots Melted . | . . . . Combat Hostiles . | . . . . Parts Melted . | . . . . Heat Transferred 87 | . . . 87 Parts Sabotaged . | . . . . Parts Stolen . | . . . . Parts Stripped . | . . . . Power Chain Reactions . | . . . . Alert | -11 -10 -10 -8 ------- Run | Yrd Mat Sub Mat Maximum Alert Level . | . . . . Low Security (%) 100 | 100 100 . 100 Level 1 . | . . . . Level 2 . | . . . . Level 3 . | . . . . Level 4 . | . . . . Level 5 . | . . . . High Security . | . . . . Max Security . | . . . . Peak Influence 50 | . 7 . 50 Initial . | . . . . Average 3 | . . . 4 Influence Increases 208 | . 7 . 201 Destroy 0b10 Robot/C 140 | . . . 140 Destroy 0b10 Robot/NC 5 | . 5 . . Destroy Leader 32 | . 2 . 30 Destroy Structure 1 | . . . 1 Lose Combat Pursuer 30 | . . . 30 Influence Decreases 208 | . 7 . 201 Time Decay 188 | . 7 . 181 Lost Part 20 | . . . 20 Squads Dispatched 1 | . . . 1 Investigation . | . . . . Extermination . | . . . . Reinforcement 1 | . . . 1 Assault . | . . . . Garrison . | . . . . Intercept . | . . . . Searches Triggered . | . . . . Construction Impeded . | . . . . Haulers Reinforced . | . . . . Active Scanning Responses . | . . . . Cargo Convoy Interrupts . | . . . . Stealth | -11 -10 -10 -8 --------- Run | Yrd Mat Sub Mat Distress Signals 1 | . 1 . . Communications Jammed . | . . . . Distress Signals . | . . . . Times Spotted 19 | . 4 . 15 Peak Tracking Total 4 | . 2 . 4 Tactical Retreats 2 | . . . 2 Traps | -11 -10 -10 -8 ------- Run | Yrd Mat Sub Mat Traps Triggered . | . . . . Indirectly . | . . . . Trap Hack Attempts . | . . . . Triggered . | . . . . Disarmed . | . . . . Reprogrammed . | . . . . Reused . | . . . . Traps Extracted . | . . . . Installed . | . . . . Triggered . | . . . . Machines | -11 -10 -10 -8 ---------- Run | Yrd Mat Sub Mat Machines Disabled . | . . . . Max in Single Turn . | . . . . Machines Repaired . | . . . . Machines Dismantled . | . . . . Machines Sabotaged . | . . . . Overloaded Fab Kills . | . . . . Hacking | -11 -10 -10 -8 --------- Run | Yrd Mat Sub Mat Machines Accessed 4 | . . . 4 Terminals 3 | . . . 3 Fabricators . | . . . . Repair Stations . | . . . . Recycling Units . | . . . . Scanalyzers 1 | . . . 1 Garrison Access . | . . . . Total Hacks 8 | . . . 8 Successful 6 | . . . 6 Failed 2 | . . . 2 Catastrophic . | . . . . Database Lockouts . | . . . . Manual . | . . . . Terminals 5 | . . . 5 Fabricators . | . . . . Repair Stations . | . . . . Recycling Units . | . . . . Scanalyzers 3 | . . . 3 Garrison Access . | . . . . Terminal Hacks 3 | . . . 3 Record 2 | . . . 2 Dispatch Records 1 | . . . 1 Fabricator Hacks . | . . . . Repair Station Hacks . | . . . . Recycling Unit Hacks . | . . . . Scanalyzer 3 | . . . 3 Insert Component 1 | . . . 1 Analyze 1 | . . . 1 Retrieve Study 1 | . . . 1 Garrison Access Hacks . | . . . . Unauthorized Hacks . | . . . . Terminals . | . . . . Fabricators . | . . . . Repair Stations . | . . . . Recycling Units . | . . . . Scanalyzers . | . . . . Garrison Access . | . . . . Data Cores Recovered . | . . . . Used . | . . . . Hacking Detections 2 | . . . 2 Full Trace Events . | . . . . Feedback Events . | . . . . Feedback Blocked . | . . . . Robot Schematics Acquired . | . . . . Robots Built . | . . . . Authchips . | . . . . Time . | . . . . Total Robot Build Rating . | . . . . Part Schematics Acquired . | . . . . Parts Built . | . . . . Authchips . | . . . . Time . | . . . . Total Part Build Rating . | . . . . Part Studies Acquired 1 | . . . 1 Parts Repaired . | . . . . Time . | . . . . Parts Recycled . | . . . . Recycled Matter . | . . . . Retrieved Matter . | . . . . Retrieved Components . | . . . . Parts Scanalyzed 1 | . . . 1 Part Schematics Acquired . | . . . . Parts Damaged . | . . . . Bothacking | -11 -10 -10 -8 ------------ Run | Yrd Mat Sub Mat Used RIF Installer . | . . . . Robots Hacked . | . . . . Non-combat . | . . . . Combat . | . . . . Robot Hacks Applied . | . . . . Relay Couplers Released . | . . . . Fabnet Peak Effective % . | . . . . Robots Rewired . | . . . . Allies Hacked . | . . . . Hacks Repelled . | . . . . Allies | -11 -10 -10 -8 -------- Run | Yrd Mat Sub Mat Total Allies . | . . . . Largest Group . | . . . . Highest-Rated Group . | . . . . Highest-Rated Ally . | . . . . Total Orders . | . . . . Ally Attacks . | . . . . Total Damage . | . . . . Kills . | . . . . Allies Corrupted . | . . . . Allies Melted . | . . . . Intel | -11 -10 -10 -8 ------- Run | Yrd Mat Sub Mat Active Infowar (turns) 771 | . . . 771 Optics 771 | . . . 771 Terrain 264 | . . . 264 Robot Analysis Total . | . . . . Derelict Logs Recovered . | . . . . Drone Launches . | . . . . Drone Recoveries . | . . . . Exploration | -11 -10 -10 -8 ------------- Run | Yrd Mat Sub Mat Turns Passed 1486 | 85 258 315 828 Spaces Moved 636 | 44 144 157 291 Core 24 | 17 . . 7 Treads 422 | 27 144 157 94 Legs 95 | . . . 95 Wheels . | . . . . Hover 95 | . . . 95 Flight . | . . . . Fastest Speed 50 | 50 160 160 111 Average Speed 162 | 155 160 160 165 Slowest Speed 400 | 200 160 160 400 Overloaded Moves . | . . . . Propulsion Burnouts . | . . . . Robots Hopped . | . . . . Potential Cave-ins . | . . . . Cave-ins Triggered . | . . . . Exploration Rate (%) 18 | 4 39 6 25 Regions Visited 3 Branch Regions 1 Pre-discovered Areas . | . . . . Known Exits Taken 3 | 1 1 1 . Unknown Exits Taken . | . . . . Scrap Searched . | . . . . Spaces Dug . | . . . . Terrain Destroyed 1 | . . . 1 Melee . | . . . . Projectile 1 | . . . 1 AOE . | . . . . Terrain Rammed . | . . . . Walls Destroyed . | . . . . Machines Disabled . | . . . . Actions | -11 -10 -10 -8 --------- Run | Yrd Mat Sub Mat Total 1005 | 57 170 194 584 Wait 275 | . 24 21 230 Move 633 | 43 143 156 291 Hop . | . . . . Pick Up 14 | 7 1 . 6 Fast Attach 10 | 7 . . 3 Attach 9 | . 1 . 8 Detach . | . . . . Swap 7 | . . . 7 Drop 8 | . . . 8 Fire 48 | . 1 17 30 Melee . | . . . . Ram . | . . . . Kick 1 | . . . 1 Crush . | . . . . Escape Stasis . | . . . . Rewire . | . . . . Trap . | . . . . Miscellaneous . | . . . . Route ------- -11/Scrapyard -10/Materials (discovered 2 exits: *Min / *Sub) -10/Subcaves (discovered 2 exits: *Mat / [Scr]) -8/Materials History --------- Turn | Location | Event 17 | -11/Scrapyard | Identified exit to Materials 17 | -11/Scrapyard | Discovered exit to Materials (range 15) 86 | -11/Scrapyard | Entered Materials 86 | -10/Materials | Evolved 1 slot: Utility x1 87 | -10/Materials | Met a group of wandering Federalists 175 | -10/Materials | Identified exit to Mines 175 | -10/Materials | Discovered exit to Mines (range 10) 316 | -10/Materials | Build established: Hacker-Mutant 334 | -10/Materials | Identified exit to Subcaves 334 | -10/Materials | Discovered exit to Subcaves (range 6) 344 | -10/Materials | Entered Subcaves 345 | -10/Subcaves | Continued accompanying wandering Federalists (3) 345 | -10/Subcaves | Approached by a straggling Scientist 444 | -10/Subcaves | Identified exit to Materials 444 | -10/Subcaves | Discovered exit to Materials (range 11) 659 | -10/Subcaves | Entered Materials 659 | -8/Materials | Evolved 4 slots: Power x1, Propulsion x1, Utility x2 1152 | -8/Materials | Core integrity fell below 50% 1184 | -8/Materials | Lost 7 parts (2p2n1u2w) 1249 | -8/Materials | Core integrity fell below 20% 1487 | -8/Materials | Destroyed by Y-45 Defender with Beam Rifle Last Messages --------------- Destroyed Flight Unit. S-10 Pest destroyed. K-01 Serf collects debris. R-06 Scavenger collects Lgt. Ion Engine. R-06 Scavenger collects Particle Gun. R-06 Scavenger collects Carbon-fiber Leg. U-05 Engineer builds a Wall. R-06 Scavenger collects Flight Unit. Acquired 17 matter. M-13 Machinist fits Backup Propulsion I on S-10 Pest. M-13 Machinist repairs K-01 Serf. Kicked S-10 Pest out of the way. Imp. Terrain Scanner destroyed. Aluminum Leg destroyed. Critical hit (Burn: +37). Ion Engine+ destroyed. Sml. Laser destroyed. Critical hit (Destroy). Hvy. Particle Cannon destroyed. Map ----- +----------------------------------------------------+ | ???????#???#?#??##??# ##??####?????# | | ????????#??#?##??#?## ####??#?????#? | | ??????????#???##????# #####???##???? | | ????????#???????########+####### ##?#???????##? | | ????????????###?# % ###?## ## ??? ? ????? | | ???????????#?#### ##?#?# ## ??????????? | | ??????????????### """ """ #??#?# #???"""??????? | | ????????????#???# """ """ #?#### ## ????"???#?? | | ???????????####?# """ """ ###??# #??""?""?????# | | ???????????#??#?# ##?#?# ##?????"?????# | | ???????????#????# #?##?# #? ??????????? | | ???????????"???## = ##??## ##??? ?????##? | | ????????????T??##############?## ##? ? ??#??? | | ???????????????#????#####???#?# #??#?#???#??? | | ????????????????#????? ??#?# ### #?????#? | | ??????????????????????"" ????## " #?#????# | | ??????????????????????"" ?#???# ### #??????? | | ?????????????? ???????"" ????## #?? ?#??#???? | | ?????????????????????? ?##?#### ###?? ??#????? | | ??????????????????????? ?#######+###?????#?????? | | ???????????????#########/## #???????????? | | ???????????????+ w + ]]]t #???????????? | | ???????????????# # !!= Y##? ?????"??? | | ???????????????# # !]= #??????????? | | ???????????????? h # ##??????????? | | ???????????????????????# @/ #???????????? | | ???????????????????????# # #???????????? | | ???????????????????????# # ! #???????????? | | ???????????????????????# #########+#???????????? | | ???????????????????????# ?????????????????????? | | ???????????????????????# ?????????????????????? | | ???????????????????????###+?????????????????????? | | ????????????????????????????????????????????????? | | ????????????????????????????????????????????????? | | ????????????????????????????????????????????????? | | ????????????????????????????????????????????????? | | ????????????????????????????????????????????????? | | ????????????????????????????????????????????????? | | ????????????????????????????????????????????????? | | ????????????????????????????????????????????????? | | ????????????????????????????????????????????????? | | ????????????????????????????????????????????????? | | ????????????????????????????????????????????????? | | ????????????????????????????????????????????????? | | ????????????????????????????????????????????????? | | ????????????????????????????????????????????????? | | ????????????????????????????????????????????????? | | ????????????????????????????????????????????????? | | | | | +----------------------------------------------------+ Best States ------------- Heat Dissipation 31 Energy Generation 21 Energy Capacity 325 Matter Stores 300 Matter Capacity 300 Sight Range 20 Terrain Scan Range 16 Terrain Scan Density 110 Resistance: KI 35 Resistance: TH 35 Resistance: EX 35 Resistance: EM 35 Resistance: I 35 Resistance: S 35 Resistance: P 35 Core Shielding 20 Utility Shielding 33 Evasion (%) 40 Targeting Accuracy 5 Recoil Reduction 2 Offensive Hacking 20 Item Schematics ----------------- None Robot Schematics ------------------ None Fabricated ------------ Nothing Repaired ---------- Nothing Studied --------- Ion Engine | -8/Materials | Hacked Alien Tech Used ----------------- None Achievements -------------- Omniscient Cartographer Risk Taker Challenges ------------ None Game ------ Seed AntimissileMicroDoublenader Manual? 0 Play Time 00:22:34 Cumulative 3.9 hours Start 2026.01.02 @ 15:20:24 End 2026.01.02 @ 15:47:33 Sessions 1 Manual Loads 0 Difficulty Explorer Special Mode None Game No. 13 Rogue 0 Adventurer 0 Explorer 13 Win Type - Total 0 Types 0/0/0/0/0/0/0/0/0/0 Lore% 7 Gallery% 6 Achievement% 9 Wizard Run 0 Options --------- Layout 1 ASCII 0 Keyboard 0 Movement Mouse Keybinds 0 Fullscreen 1 Font 24/Smallcaps Map View 50x35 Zoom Use 0% Tactical HUD 0 Map Filters NONE Filters NONE Steam 1 RUN: 782bf6f3-2698-446a-9dd6-5e81cfaaac32